 Dungeon Crawl Stone Soup version 0.22-a0-458-gb446440 (webtiles) character file.

57 protoss039 the Chopper (level 3, -2/42 HPs)
             Began as a Demonspawn Gladiator on June 8, 2018.
             Slain by a gnoll
             ... wielding a +0 spear
              (3 damage)
             ... on level 2 of the Dungeon.
             The game lasted 00:05:59 (873 turns).

protoss039 the Chopper (Demonspawn Gladiator)        Turns: 873, Time: 00:06:00

Health: -2/42      AC: 10    Str: 19    XL:     3   Next: 73%
Magic:  3/3        EV: 12    Int:  9    God:
Gold:   69         SH:  0    Dex: 15    Spells: 2/2 levels left

rFire    . . .     SeeInvis .   a - +0 war axe
rCold    . . .     Gourm    .   (no shield)
rNeg     . . .     Faith    .   p - +4 ring mail
rPois    .         Spirit   .   (helmet restricted)
rElec    .         Reflect  .   (no cloak)
rCorr    .         Harm     .   (no gloves)
MR       .....                  o - +0 pair of boots
Stlth    ..........             (no amulet)
HPRegen  0.14/turn              (no ring)
MPRegen  0.08/turn              (no ring)

@: berserking, drained, very quick
A: horns 2
a: no special abilities


You were on level 2 of the Dungeon.
You were not hungry.

You visited 1 branch of the dungeon, and saw 2 of its levels.

You collected 69 gold pieces.

Inventory:

Hand Weapons
 a - a +0 war axe (weapon)
Missiles
 d - 3 throwing nets (quivered)
Armour
 c - a +0 helmet
 o - a +0 pair of boots (worn)
 p - a +4 ring mail (worn)
Scrolls
 b - a scroll of immolation {unknown}
 i - a scroll of random uselessness {unknown}
 k - 4 scrolls of teleportation {unknown}
 m - 3 scrolls of remove curse {unknown}
Potions
 e - a potion of berserk rage
 h - a potion of curing {unknown}
 j - a potion of degeneration {unknown}
 l - a potion of agility {unknown}
 n - a potion of invisibility {unknown}
 q - a potion of heal wounds {unknown}
Comestibles
 f - 4 rations
 g - 2 chunks of flesh


   Skills:
 + Level 2.7(2.3) Fighting
 * Level 3.6(3.3) Axes
 - Level 1.7(1.4) Throwing
 + Level 1.2(0.9) Armour
 - Level 2.6(2.3) Dodging


You had 2 spell levels left.
You didn't know any spells.
Your spell library was empty.

Dungeon Overview and Level Annotations

Branches:
Dungeon (2/15)

Altars:


Innate Abilities, Weirdness & Mutations

You have a pair of horns on your head.


Message History

You are too injured to fight recklessly!
You are too injured to fight recklessly!
You are too injured to fight recklessly!
Unknown command.
You hit the gnoll but do no damage. You closely miss the gnoll.
The gnoll hits you from afar with a spear.
The gnoll hits you but does no damage. x3
The gnoll hits you from afar with a spear.
* * * LOW HITPOINT WARNING * * *
The gnoll hits you with a spear.
* * * LOW HITPOINT WARNING * * *
Unknown command.
Okay, then.
Sorry, you're not good enough to have a special ability.
Unknown command.
It was a potion of berserk rage.
A red film seems to cover your vision as you go berserk!
You feel yourself moving faster!
You feel mighty!
The gnoll hits you from afar with a spear.
You die...

#.#.##.#.. ...
#.#.##.####
#.# #)..##.#
###.###
#..###.#
#.....#
#..###.#
#.....#
#......#
#..g..#
##.#####
#.gg..# ##.#
#..@..####..#
###.....##.##
#.###.##.#
#(###.##.#
#$#......#
#####.#.#.####
#.$..(..#.#
....###(....#
## #######


You could see 3 gnolls.

Vanquished Creatures
  An adder (D:2)
  An ooze (D:1)
  A dart slug (D:1)
  6 bats
  2 giant cockroaches (D:1)
  6 goblins (D:1)
  A hobgoblin (D:1)
  15 kobolds
  2 frilled lizards (D:1)
  8 rats (D:1)
43 creatures vanquished.

Notes
Turn   | Place    | Note
-------+----------+-------------------------------------------
     0 | D:1      | protoss039 the Demonspawn Gladiator began the quest for the Orb.
     0 | D:1      | Reached XP level 1. HP: 16/16 MP: 1/1
   106 | D:1      | Reached skill level 3 in Axes
   106 | D:1      | Gained mutation: You have a pair of small horns on your head. [demonic ancestry]
   106 | D:1      | Reached XP level 2. HP: 13/22 MP: 2/2
   313 | D:1      | Reached skill level 1 in Armour
   313 | D:1      | Gained mutation: You have a pair of horns on your head. [demonic ancestry]
   313 | D:1      | Reached XP level 3. HP: 24/28 MP: 3/3
   872 | D:2      | HP: 1/28 [gnoll/spear (6)]
   873 | D:2      | Slain by a gnoll

Vault maps used:
D:1:      elethiomel_arrival_diamonds
D:2:      lexackson_kobold_supper

Skill      XL: |  1  2 |
---------------+-------+-----
Axes           | 3 |  3.6
Armour         | 1 |  1.2
Fighting       | |  2.7
Throwing       | |  1.7
Dodging        | |  2.6

Action                   || total
-------------------------++-------
Melee: War axe           ||    91
       Headbutt          ||    11
  Use: Potion            ||     1
Armor: Leather armour    ||    29
       Ring mail         ||    22
Dodge: Dodged            ||    77

Table legend:
 A = Spawn XP
 B = Non-spawn XP
 C = Spawn XP percentage of total XP
 D = Spawn monster count
 E = Non-spawn monster count
 F = Spawn count percentage of total count
 G = Total turns spent on level
                    A         B        C        D         E        F      G
               +---------+---------+-------+---------+---------+-------+---------
         Total |       0 |      82 |   0.0 |       0 |      43 |   0.0 |   873
               +---------+---------+-------+---------+---------+-------+---------
           D:1 |       0 |      58 |   0.0 |       0 |      34 |   0.0 |   662
           D:2 |       0 |      24 |   0.0 |       0 |       9 |   0.0 |   211
               +---------+---------+-------+---------+---------+-------+---------
